 Dungeon Crawl Stone Soup version 0.21.1-1-g345015fe64 (webtiles) character file.

33 Danqa the Protected (level 3, -1/28 HPs)
             Began as a Gnoll Wanderer on Mar 24, 2018.
             Slain by a leopard gecko (2 damage)
             ... on level 2 of the Dungeon.
             The game lasted 00:03:19 (1017 turns).

Danqa the Protected (Gnoll Wanderer)                Turns: 1017, Time: 00:03:19

Health: -1/28      AC:  0    Str: 16    XL:     3   Next: 29%
Magic:  4/4        EV: 11    Int: 14    God:
Gold:   99         SH:  0    Dex: 13    Spells: 3/3 levels left

rFire    . . .     SeeInvis .   d - +0 club
rCold    . . .     Gourm    .   (no shield)
rNeg     . . .     Faith    .   (no armour)
rPois    .         Spirit   .   (no helmet)
rElec    .         Reflect  .   (no cloak)
rCorr    .         Harm     .   (no gloves)
MR       .....                  (no boots)
Stlth    ++........             (no amulet)
HPRegen  0.09/turn              (no ring)
MPRegen  0.09/turn              (no ring)

@: no status effects
A: distributed training, fangs 1, strong nose
a: no special abilities


You were on level 2 of the Dungeon.
You were hungry.

You visited 1 branch of the dungeon, and saw 2 of its levels.

You collected 99 gold pieces.

Inventory:

Hand Weapons
 d - a +0 club (weapon)
Scrolls
 c - a scroll of teleportation
 g - a scroll of fear {unknown}
Potions
 b - a potion of lignification
 e - a potion of curing {unknown}
Comestibles
 f - 3 rations


   Skills:
 + Level 2.6 Fighting
 + Level 0.7 Short Blades
 + Level 0.7 Long Blades
 + Level 2.6 Axes
 + Level 0.7 Maces & Flails
 + Level 0.7 Polearms
 + Level 0.7 Staves
 + Level 0.7 Slings
 + Level 0.7 Bows
 + Level 2.6 Crossbows
 + Level 2.6 Throwing
 + Level 10.3 Armour
 + Level 0.7 Dodging
 + Level 0.7 Stealth
 + Level 0.7 Shields
 + Level 0.7 Unarmed Combat
 + Level 0.7 Spellcasting
 + Level 0.5 Conjurations
 + Level 0.5 Hexes
 + Level 0.5 Charms
 + Level 0.5 Summonings
 + Level 0.5 Necromancy
 + Level 0.5 Translocations
 + Level 0.5 Transmutations
 + Level 0.5 Fire Magic
 + Level 0.5 Ice Magic
 + Level 0.5 Air Magic
 + Level 0.5 Earth Magic
 + Level 0.5 Poison Magic
 + Level 0.9 Invocations
 + Level 2.6 Evocations


You had 3 spell levels left.
You didn't know any spells.

Dungeon Overview and Level Annotations

Branches:
Dungeon (2/15)

Altars:
The Shining One


Innate Abilities, Weirdness & Mutations

Your experience applies equally to all skills.
You have very sharp teeth.
Your uncanny sense of smell can sniff out nearby items.


Message History

You finish taking off your +2 scale mail.
You drop a +2 scale mail.
A leopard gecko comes into view.
A leopard gecko is nearby!
Found 5 gold pieces.
The leopard gecko closely misses you. The leopard gecko bites you.
The leopard gecko closely misses you. The leopard gecko bites you.
The leopard gecko bites you. The leopard gecko bites you.
The leopard gecko barely misses you.
The leopard gecko completely misses you.
The leopard gecko bites you.
* * * LOW HITPOINT WARNING * * *
The leopard gecko bites you.
* * * LOW HITPOINT WARNING * * *
The leopard gecko bites you.
* * * LOW HITPOINT WARNING * * *
The leopard gecko bites you.
You die...

###########
#########.........
............##..######.#
.....†....#........$..
#####..##....####..#.#
#..)..####...........#
#.########.####[@##.....
#.# #....# #..#l..####
..# #.####>..##.#.....
### ##.###..## .# .... #
#......# ## ... ##
##..###### ..
.####......... $
.........#####
....).....#


You could see a leopard gecko.

Vanquished Creatures
  3 dart slugs
  2 bats (D:1)
  2 giant cockroaches
  3 goblins
  4 hobgoblins
  2 jackals (D:1)
  2 kobolds (D:1)
  A ball python (D:1)
  2 frilled lizards (D:1)
  3 rats
24 creatures vanquished.

Notes
Turn   | Place    | Note
-------+----------+-------------------------------------------
     0 | D:1      | Reached skill level 10 in Armour
     0 | D:1      | Danqa the Gnoll Wanderer began the quest for the Orb.
     0 | D:1      | Danqa set off with: a +2 scale mail, a potion of lignification, a scroll of teleportation, a +0 club, a ration
     0 | D:1      | Reached XP level 1. HP: 17/17 MP: 2/2
   147 | D:1      | Reached XP level 2. HP: 22/23 MP: 3/3
   593 | D:1      | Reached XP level 3. HP: 27/28 MP: 4/4
   933 | D:2      | Found a glowing golden altar of the Shining One.
  1016 | D:2      | HP: 1/28 [leopard gecko (4)]
  1017 | D:2      | Slain by a leopard gecko

Skill      XL: | |
---------------+-+-----
Armour         | | 10.3
Fighting       | |  2.6
Short Blades   | |  0.7
Long Blades    | |  0.7
Axes           | |  2.6
Maces & Flails | |  0.7
Polearms       | |  0.7
Staves         | |  0.7
Slings         | |  0.7
Bows           | |  0.7
Crossbows      | |  2.6
Throwing       | |  2.6
Dodging        | |  0.7
Stealth        | |  0.7
Shields        | |  0.7
Unarmed Combat | |  0.7
Spellcasting   | |  0.7
Conjurations   | |  0.5
Hexes          | |  0.5
Charms         | |  0.5
Summonings     | |  0.5
Necromancy     | |  0.5
Translocations | |  0.5
Transmutations | |  0.5
Fire Magic     | |  0.5
Ice Magic      | |  0.5
Air Magic      | |  0.5
Earth Magic    | |  0.5
Poison Magic   | |  0.5
Invocations    | |  0.9
Evocations     | |  2.6

Action                   || total
-------------------------++-------
Melee: Club              ||   116
       Bite              ||    12
Armor: Scale mail        ||    80
Dodge: Dodged            ||    80
